 Dungeon Crawl Stone Soup version 0.18-a0-2-g0e512fa (webtiles) character file.

53 Eptagon the Insei (level 3, 3/20 HPs)
             Began as a Vine Stalker Monk on Oct 31, 2015.
             Quit the game on level 2 of the Dungeon.
             The game lasted 00:03:43 (943 turns).

Eptagon the Insei (Vine Stalker Monk)                Turns: 943, Time: 00:03:43

Health: 3/20       AC:  3    Str: 13    XL:     3   Next: 87%
Magic:  2/4        EV: 13    Int: 10    God:
Gold:   39         SH:  0    Dex: 17    Spells: 0 memorised, 2 levels left

rFire  . . .     SeeInvis .       - Unarmed
rCold  . . .     Clarity  .     a - +1 robe
rNeg   . . .     SustAt   .     (no shield)
rPois  .         Gourm    .     (no helmet)
rElec  .         Spirit   +     (no cloak)
rCorr  .         Warding  .     (no gloves)
rMut   .         Stasis   .     (no boots)
MR     .....                    (no amulet)
Stlth  ++........               (no ring)
                                (no ring)

@: lethally poisoned (3 -> -3), not resistant to hostile enchantments,
unstealthy
A: fangs 2, mutation resistance 1, regeneration 1, magic shield, antimagic bite,
no device heal 3, rot immunity
a: no special abilities


You were on level 2 of the Dungeon.
You were not hungry.

You visited 1 branch of the dungeon, and saw 2 of its levels.

You collected 39 gold pieces.

Inventory:

Missiles
 e - 3 curare-tipped needles
Armour
 a - a +1 robe (worn)
Scrolls
 f - 2 scrolls of magic mapping
Potions
 i - a potion of flight
Comestibles
 b - 4 bread rations
 g - a royal jelly
 h - 2 chunks of flesh


   Skills:
 + Level 3.4 Fighting
 - Level 2.4 Dodging
 - Level 2.4 Stealth
 * Level 4.8 Unarmed Combat


You had 2 spell levels left.
You didn't know any spells.

Dungeon Overview and Level Annotations

Branches:
Dungeon (2/15)

Altars:


Innate Abilities, Weirdness & Mutations

You have extremely sharp teeth.
Your natural rate of healing is unusually fast.
When hurt, damage is shared between your health and your magic reserves.
Your bite disrupts and absorbs the magic of your enemies.
Potions and wands cannot restore your health.
You are immune to rotting.
You are somewhat resistant to further mutation.


Message History

Drink which item? (? for menu, Esc to quit)
Okay, then.
Read which item? (? for menu, Esc to quit)
As you read the scroll labeled ETURIK IX NOSK, it crumbles to dust.
It is a scroll of recharging.
You aren't carrying any rechargeable items.
The adder closely misses you.
Some of the chunks of flesh in your inventory have rotted away.
Read which item? (? for menu, Esc to quit)
As you read the scroll labeled RUNIMM BOAC, it crumbles to dust.
It is a scroll of enchant armour.
Enchant which item? (? for menu, Esc to quit)
Your +0 robe glows green for a moment.
The adder bites you.
* * * LOW HITPOINT WARNING * * *
You are lethally poisoned!
The adder poisons you!
Drink which item? (? for menu, Esc to quit)
Okay, then.
Sorry, you're not good enough to have a special ability.
Are you sure you want to abandon this character and quit the game? (Confirm with "yes".)

....## #######.########
...... ................
....#......###.#######.
....# ... #.## ....#
#..# ....# ##.## ....#
#..# ##.# #@# #S## #bh#
## #######h## $..
.......s.# ....
.........#.....
....h.s........
........♣.♣.♣..
...............


You could see an adder, 2 jackals, a giant cockroach and a bat.

Vanquished Creatures
  An adder (D:2)
  A worm (D:2)
  A giant gecko (D:1)
  2 ball pythons (D:2)
  10 goblins (D:1)
  5 hobgoblins (D:1)
  7 bats
  A giant cockroach (D:1)
  4 giant newts (D:1)
  4 kobolds
  4 rats
40 creatures vanquished.

Notes
Turn   | Place    | Note
--------------------------------------------------------------
     0 | D:1      | Eptagon the Vine Stalker Monk began the quest for the Orb.
     0 | D:1      | Reached XP level 1. HP: 11/11 MP: 2/2
   177 | D:1      | Reached XP level 2. HP: 8/16 MP: 1/3
   432 | D:1      | Reached XP level 3. HP: 17/20 MP: 4/4
   699 | D:1      | Gained mutation: You are somewhat resistant to further mutation. [potion of beneficial mutation]
   943 | D:2      | Quit the game

Vault maps used:
D:1:      dpeg_arrival_castle
D:2:      serial_forest, infiniplex_forest_clump_cross,
          infiniplex_forest_lined_1, infiniplex_forest_lined_corner,
          infiniplex_forest_zigzag_2, infiniplex_forest_corner_2, uniq_terence

Action                   || total
-------------------------++-------
Melee: Unarmed           ||   109
  Use: Scroll            ||     5
       Potion            ||     1
 Stab: Sleeping          ||     6
